 Dungeon Crawl Stone Soup version 0.28-a0-653-g7e9dba17c3 (webtiles) character file.

Game seed: 13811068411355061196

1508 jasper the Tainter (level 8, -11/59 HPs)
             Began as a Demonspawn Venom Mage on Oct 11, 2021.
             Was a Follower of Vehumet.
             Killed from afar by a steam dragon (20 damage)
             ... with a ball of steam
             ... on level 7 of the Dungeon.
             The game lasted 00:09:47 (5290 turns).

jasper the Tainter (Demonspawn Venom Mage)          Turns: 5290, Time: 00:09:47

Health: -11/59     AC: 11    Str: 15    XL:     8   Next: 53%
Magic:  7/14       EV: 12    Int: 18    God:    Vehumet [*.....]
Gold:   294        SH:  0    Dex: 14    Spells: 5/15 levels left

rFire   . . .      SeeInvis .   g - +1 battleaxe (elec)
rCold   . . .      Faith    .   (shield currently unavailable)
rNeg    . . .      Spirit   .   d - +0 ring mail
rPois   .          Reflect  .   C - +1 hat
rElec   .          Harm     .   (no cloak)
rCorr   .          Rampage  .   (no gloves)
Will    .....                   h - +0 pair of boots
Stlth   ++........              s - amulet of regeneration
HPRegen 1.19/turn               j - +4 ring of protection
MPRegen 0.14/turn               r - +6 ring of strength

@: no status effects
A: powered by pain 1, sturdy frame 2, demonic magic 1
a: Renounce Religion


You were on level 7 of the Dungeon.
You worshipped Vehumet.
Vehumet was aware of your devotion.
You visited 2 branches of the dungeon, and saw 8 of its levels.

You collected 294 gold pieces.

Inventory:

Hand Weapons
 f - a +0 hand axe
 g - a +1 battleaxe of electrocution (weapon)
 t - the +5 rapier of Greatest Utility {vamp, rPois rCorr Str+2}
   (You found it on level 5 of the Dungeon)

   It occasionally heals its wielder for a portion of the damage dealt when it
   wounds a living foe.
   Str:       It affects your strength (+2).
   rPois:     It protects you from poison.
   rCorr:     It protects you from acid and corrosion.
Missiles
 b - 197 stones
 i - 28 poisoned darts
 n - 2 datura-tipped darts
Armour
 a - a +0 robe
 d - a +0 ring mail (worn)
 h - a +0 pair of boots (worn)
 p - a +0 buckler
 C - a +1 hat (worn)
Magical Staves
 l - a staff of poison
Jewellery
 j - a +4 ring of protection (left hand)
 r - a +6 ring of strength (right hand)
 s - an amulet of regeneration (around neck)
 z - a ring of willpower
Scrolls
 c - a scroll of blinking
 k - 3 scrolls of identify
 m - 3 scrolls of teleportation
 u - a scroll of noise {unknown}
 v - a scroll of vulnerability {unknown}
 x - a scroll of magic mapping {unknown}
 y - 2 scrolls of fog
 B - a scroll of torment {unknown}
Potions
 e - 2 potions of heal wounds
 o - 2 potions of flight {unknown}
 q - a potion of might {unknown}
 w - 2 potions of attraction {unknown}
 A - 2 potions of brilliance {unknown}
 D - a potion of lignification {unknown}


   Skills:
 + Level 3.6 Fighting
 + Level 3.2 Armour
 - Level 1.7 Dodging
 - Level 1.7 Stealth
 + Level 4.0 Spellcasting
 + Level 2.3 Conjurations
 - Level 0.8 Transmutations
 - Level 2.0 Air Magic
 - Level 8.0 Poison Magic


You had 5 spell levels left.
You knew the following spells:

 Your Spells              Type           Power      Damage    Failure   Level
a - Sting                 Tmut/Pois      76%        1d6       2%          1
b - Mephitic Cloud        Conj/Pois/Air  18%        N/A       9%          3
c - Olgreb's Toxic Radia  Pois           32%        N/A       6%          4
d - Passwall              Tmut/Erth      4%         N/A       21%         2

Your spell library contained the following spells:

 Spells                   Type           Power      Damage    Failure   Level
 Shock                    Conj/Air       44%        1d5       7%          1
 Poisonous Vapours        Pois/Air       42%        N/A       3%          2
 Foxfire                  Conj/Fire      28%        2x1d5     10%         1
 Sandblast                Erth           6%         2d5       16%         1
 Conjure Flame            Conj/Fire      7%         6-21      30%         3
 Stone Arrow              Conj/Erth      14%        3d7       30%         3
 Inner Flame              Hex/Fire       3%         N/A       43%         3
 Flame Wave               Conj/Fire      7%         3d4       69%         4
 Animate Dead             Necr           1%         N/A       85%         4
 Borgnjor's Vile Clutch   Necr/Erth      1%         N/A       99%         5
 Death Channel            Necr           1%         N/A       100%        6


Dungeon Overview and Level Annotations

Branches:
Dungeon (7/15)             Temple (1/1) D:4

Altars:
Elyvilon
Fedhas
Gozag
Hepliaklqana
Kikubaaqudgha
Okawaru
Qazlal
Trog
Vehumet


Innate Abilities, Weirdness & Mutations

You sometimes gain a little power by taking damage.
Your movements are less encumbered by armour. (ER -4)
Spells you cast may paralyse adjacent enemies.


Message History

Items here: )) [[.
You regained 2 hp, and now have 45/59 hp.
The steam dragon hisses angrily.
The steam dragon breathes steam at you. The ball of steam hits you!!
You focus on the pain.
You feel your power returning.
You take 20 damage, and have 26/59 hp.
MASSIVE DAMAGE!!
MP restored: 14
Casting: Olgreb's Toxic Radiance (dangerous; 6% risk of failure)
Confirm with . or Enter, or press ? or * to list all spells.
You can't see any susceptible monsters within range! (Use Z to cast anyway.) Unknown command.
Items here: )) [[.
Casting: Olgreb's Toxic Radiance (dangerous; 6% risk of failure)
Confirm with . or Enter, or press ? or * to list all spells.
You begin to radiate toxic energy.
The steam dragon is poisoned.
Malevolent energies surge around you.
You regained 2 hp, and now have 30/59 hp.
You now have 10/14 mp.
The steam dragon looks even sicker.
Your toxic aura wanes.
A steam dragon comes into view.
Found a scroll of immolation.
The steam dragon hisses angrily.
Casting: Olgreb's Toxic Radiance (dangerous; 6% risk of failure)
Confirm with . or Enter, or press ? or * to list all spells.
You begin to radiate toxic energy.
The steam dragon is poisoned.
Malevolent energies surge around you.
The steam dragon looks even sicker.
The steam dragon breathes steam at you. The ball of steam hits you!!
* * * LOW HITPOINT WARNING * * *
The steam dragon breathes steam at you. The ball of steam hits you.
* * * LOW HITPOINT WARNING * * *
You are engulfed in a cloud of scalding steam.
* * * LOW HITPOINT WARNING * * *
Your toxic aura wanes.
The steam dragon breathes steam at you. The ball of steam hits you!!
You die...

.. ##### ... #...#############
###.... ###....)........#
.......
#############.#########....§D.
###......D)..D......
#......§§####.......
#<...§§§.# ....... #..§@§§..#
#....## #...§§...# ..#.#
#....§§..# .## # #...§§§..# #
#........# #...§....#
#..>.D...# #.....?...
#####..##..


There were no monsters in sight!

Vanquished Creatures
  A hornet (D:5)
  A sky beast (D:6)
  An orc warrior (D:5)
  An ice beast (D:6)
  An ogre (D:5)
  A phantom (D:6)
  A bullfrog (D:6)
  2 scorpions
  A water moccasin skeleton (D:5)
  2 wights (D:7)
  A bullfrog zombie (D:5)
  3 hounds
  A centaur zombie (D:5)
  A bullfrog skeleton (D:5)
  2 jellies
  A centaur skeleton (D:4)
  2 iguanas
  3 orc wizards
  2 hound skeletons
  3 gnolls (D:5)
  3 adders
  A white imp (D:7)
  An ufetubus (D:6)
  A worm (D:4)
  3 dart slugs
  11 orcs
  5 bats
  5 endoplasms
  6 giant cockroaches
  7 hobgoblins
  4 quokkas
  7 ball pythons
  3 frilled lizards (D:1)
  7 goblins
  8 kobolds
  3 rats
106 creatures vanquished.

Vanquished Creatures (others)
  2 plants (D:4)
2 creatures vanquished.

Grand Total: 108 creatures vanquished

Notes
Turn   | Place    | Note
-------+----------+-------------------------------------------
     0 | D:1      | jasper the Demonspawn Venom Mage began the quest for the
                  | Orb.
     0 | D:1      | Reached XP level 1. HP: 13/13 MP: 3/3
   350 | D:1      | Gained mutation: Your movements are slightly less
                  | encumbered by armour. (ER -2) [demonic ancestry]
   350 | D:1      | Reached XP level 2. HP: 19/19 MP: 3/5
   640 | D:1      | Reached skill level 4 in Poison Magic
   870 | D:1      | Reached XP level 3. HP: 24/24 MP: 1/6
   874 | D:1      | Learned a level 3 spell: Mephitic Cloud
  2060 | D:3      | Found an iron altar of Okawaru.
  2539 | D:3      | Found a faded altar of an unknown god.
  2844 | D:4      | Found a staircase to the Ecumenical Temple.
  2859 | D:4      | Reached XP level 4. HP: 30/30 MP: 7/7
  2862 | Temple   | Entered the Ecumenical Temple
  2962 | Temple   | Became a worshipper of Vehumet
  3006 | D:4      | Reached skill level 5 in Poison Magic
  3524 | D:5      | Entered Level 5 of the Dungeon
  3531 | D:5      | Reached skill level 6 in Poison Magic
  3531 | D:5      | Gained mutation: Your movements are less encumbered by
                  | armour. (ER -4) [demonic ancestry]
  3531 | D:5      | Reached XP level 5. HP: 24/35 MP: 8/8
  3536 | D:5      | Learned a level 4 spell: Olgreb's Toxic Radiance
  3877 | D:5      | Noticed a hornet
  3887 | D:5      | Identified the +5 rapier of Greatest Utility {vamp, rPois
                  | rCorr Str+2}
  3894 | D:5      | Killed a hornet
  3895 | D:5      | Reached skill level 7 in Poison Magic
  3895 | D:5      | Gained mutation: You sometimes gain a little power by
                  | taking damage. [demonic ancestry]
  3895 | D:5      | Reached XP level 6. HP: 41/41 MP: 5/9
  3909 | D:5      | Reached skill level 8 in Poison Magic
  3914 | D:5      | Gained mutation: Spells you cast may paralyse adjacent
                  | enemies. [demonic ancestry]
  3914 | D:5      | Reached XP level 7. HP: 46/46 MP: 8/10
  3917 | D:5      | Learned a level 2 spell: Passwall
  4053 | D:5      | Reached skill level 1 in Fighting
  4095 | D:5      | Found a bloodstained altar of Trog.
  4099 | D:5      | Reached * piety under Vehumet
  4099 | D:5      | Offered knowledge of Shock by Vehumet.
  4159 | D:5      | Reached skill level 1 in Armour
  4460 | D:5      | Found a hazy altar of Hepliaklqana.
  4592 | D:6      | Reached XP level 8. HP: 54/57 MP: 13/13
  4667 | D:6      | Reached skill level 1 in Conjurations
  4667 | D:6      | Reached skill level 1 in Air Magic
  5290 | D:7      | Killed from afar by a steam dragon

Illustrated notes

Levels and vault maps discovered:
D:1:      psy_arrival_conway, layout_rooms
D:2:      layout_rooms
D:3:      layout_basic, amcnicky_altar_gilded,
          shapermc_ecumenical_altar_hornbeckon
D:4:      layout_cave_pools, minmay_temple_entry_gardened_gates
D:5:      layout_rooms, trog_hazing_becter, nicolae_hepliaklqana_hippocampus
D:6:      layout_basic
D:7:      layout_rooms, mainiacjoe_overflow_cross_hatched
Temple:   regret_index_temple_generic_petals

Skill      XL: |  1  2  3  4  5  6  7  8 |
---------------+-------------------------+-----
Poison Magic   | 4 6 7 8 |  8.0
Fighting       | 2 3 |  3.6
Armour         | 2 3 |  3.2
Spellcasting   | 3 4 |  4.0
Conjurations   | 2 |  2.3
Air Magic      | 2 |  2.0
Dodging        | |  1.7
Stealth        | |  1.7
Transmutations | |  0.8

Action                   |  1- 3 |  4- 6 |  7- 9 || total
-------------------------+-------+-------+-------++-------
Melee: Unarmed           |     7 |       |       ||     7
       Hand axe          |     5 |       |       ||     5
       Battleaxe         |    12 |    45 |    77 ||   134
Throw: Stone             |     1 |       |       ||     1
 Cast: Sting             |    78 |    15 |    26 ||   119
       Mephitic Cloud    |       |     1 |       ||     1
       Olgreb's Toxic Ra |       |       |     8 ||     8
Evoke: Wand              |       |     3 |       ||     3
  Use: Scroll            |     7 |       |       ||     7
 Stab: Paralysed         |       |       |     5 ||     5
Armor: Robe              |     7 |       |       ||     7
       Ring mail         |    19 |    48 |    51 ||   118
Dodge: Dodged            |    47 |    51 |    76 ||   174

Table legend: (Time is in decaauts)
 A = Elapsed time spent in this place.
 B = Non-inter-level travel time spent in this place.
 C = Inter-level travel time spent in this place.
 D = Time resting spent in this place.
 E = Time spent auto-exploring this place.
 F = Levels seen in this place.
 G = Mean time per level.
                   A        B        C        D        E       F      G
               +--------+--------+--------+--------+--------+-----+--------+
         Total |   5400 |   5208 |    192 |    567 |   3575 |   8 |  675.0 |
       Dungeon |   5271 |   5106 |    165 |    567 |   3495 |   7 |  753.0 |
        Temple |    128 |    101 |     27 |      0 |     80 |   1 |  128.0 |
               +--------+--------+--------+--------+--------+-----+--------+

Top non-repeatable levels by time:
     D:3: 1310 daAuts
     D:1: 1020 daAuts
     D:5: 1016 daAuts
     D:6: 713 daAuts
     D:4: 625 daAuts
     D:2: 468 daAuts
  Temple: 128 daAuts
     D:7: 117 daAuts
